General information
- name: BNet
- type: Ladder team game (AT/RT)
- host: Battle.net
- saver: $$$C.R.E.A.M$$$
map: MarketSquare
- players: 8
- length: 31:08
- speed: Fast
- version: 1.28 W3XP
- replay type: Public
» download(174 KB)
Players
team 1 (loser)

»
Berni_01 (
yellow | 60 APM | 1145 actions | 19:05)
4 Archmage
1 Blizzard
2 Brilliance Aura
1 Summon Water Elemental
3 Paladin
1 Holy Light
1 Devotion Aura
1 Divine Shield
» actions
| Assign group hotkey | 15 | |
| Build / train | 92 | |
| Enter build submenu | 34 | |
| Enter hero's abilities submenu | 7 | |
| Remove unit from queue | 5 | |
| Right click | 340 | |
| Select / deselect | 267 | |
| Select group hotkey | 295 | |
| Use ability | 90 | |
1145 total
» units
| Peasant | 18 | |
| Footman | 10 | |
| Forest Troll High Priest | 1 | |
| Assassin | 1 | |
| Knight | 5 | |
| Gryphon Rider | 25 | |
60 total
» upgrades
| Masonry | 1 | |
| Defend | 1 | |
| Animal War Training | 3 | |
| Armor | 1 | |
| Swords | 1 | |
| Plating | 1 | |
8 total
» buildings
| Altar of Kings | 1 | |
| Farm | 22 | |
| Scout Tower | 6 | |
| Barracks | 2 | |
| Arcane Tower | 2 | |
| Arcane Vault | 1 | |
| Lumber Mill | 2 | |
| Guard Tower | 4 | |
| Keep | 1 | |
| Blacksmith | 1 | |
| Castle | 1 | |
| Gryphon Aviary | 2 | |
| Town Hall | 1 | |
46 total
» build order
00:12 Altar of Kings
00:17 Farm
00:58 Farm
01:17 Scout Tower
01:33 Barracks
02:01 Arcane Tower
02:34 Arcane Vault
02:52 Scout Tower
03:00 Lumber Mill
03:12 Lumber Mill
04:20 Farm
04:21 Guard Tower
04:28 Scout Tower
04:39 Farm
05:00 Guard Tower
05:19 Farm
06:53 Keep
07:06 Scout Tower
08:05 Guard Tower
08:41 Blacksmith
09:08 Farm
09:10 Farm
09:20 Castle
09:27 Farm
10:27 Barracks
11:55 Scout Tower
11:59 Scout Tower
12:41 Guard Tower
13:22 Gryphon Aviary
13:26 Gryphon Aviary
13:42 Arcane Tower
13:58 Farm
13:59 Farm
14:33 Farm
14:34 Farm
14:35 Farm
16:36 Town Hall
16:46 Farm
16:46 Farm
16:47 Farm
16:48 Farm
18:17 Farm
18:17 Farm
18:18 Farm
18:19 Farm
18:25 Farm
» items
| Scroll of Regeneration | 1 | |
| Potion of Lesser Invulnerability | 1 | |
2 total
ADD_ME_GUYS (
orange | 57 APM | 1770 actions | 31:07)
7 Goblin Tinker
3 Pocket Factory
3 Engineering Upgrade
1 Robo-Goblin
1 Paladin
1 Divine Shield
» actions
| Assign group hotkey | 34 | |
| Basic commands | 32 | |
| Build / train | 65 | |
| Enter build submenu | 27 | |
| Enter hero's abilities submenu | 9 | |
| Give item / drop item | 3 | |
| Remove unit from queue | 1 | |
| Right click | 766 | |
| Select / deselect | 222 | |
| Select group hotkey | 515 | |
| Use ability | 96 | |
1770 total
» units
| Peon | 16 | |
| Grunt | 3 | |
| Wind Rider | 5 | |
| Troll Batrider | 4 | |
28 total
» upgrades
| Ranged Weapons | 2 | |
| Reinforced Defenses | 1 | |
| Armor | 2 | |
| Liquid Fire | 1 | |
6 total
» buildings
| Altar of Storms | 1 | |
| Orc Burrow | 6 | |
| Barracks | 1 | |
| Voodoo Lounge | 1 | |
| Stronghold | 2 | |
| War Mill | 1 | |
| Great Hall | 1 | |
| Beastiary | 3 | |
| Fortress | 2 | |
| Watch Tower | 33 | |
51 total
» build order
00:08 Altar of Storms
00:18 Orc Burrow
00:37 Barracks
01:28 Orc Burrow
02:08 Voodoo Lounge
03:17 Stronghold
03:18 Stronghold
03:42 War Mill
04:08 Orc Burrow
04:38 Great Hall
05:56 Beastiary
05:57 Beastiary
07:55 Fortress
08:17 Watch Tower
08:22 Watch Tower
08:23 Watch Tower
08:26 Watch Tower
08:47 Watch Tower
09:29 Beastiary
11:12 Watch Tower
11:54 Watch Tower
11:54 Watch Tower
11:55 Watch Tower
11:56 Watch Tower
13:20 Watch Tower
13:20 Watch Tower
13:25 Watch Tower
13:26 Watch Tower
16:03 Watch Tower
16:03 Watch Tower
16:04 Watch Tower
16:04 Watch Tower
16:32 Watch Tower
18:14 Watch Tower
19:29 Watch Tower
21:09 Watch Tower
21:09 Watch Tower
21:09 Watch Tower
21:10 Watch Tower
21:11 Watch Tower
21:11 Watch Tower
23:28 Orc Burrow
23:31 Orc Burrow
23:34 Orc Burrow
25:38 Watch Tower
25:38 Watch Tower
25:38 Watch Tower
25:41 Watch Tower
25:41 Watch Tower
25:42 Watch Tower
» items
| Healing Salve | 4 | |
| Orb of Lightning | 1 | |
| Scroll of Speed | 1 | |
| Potion of Healing | 2 | |
| Scroll of Town Portal | 3 | |
| Boots of Speed | 1 | |
| Potion of Lesser Invulnerability | 1 | |
13 total

»
assjuice (
green | 99 APM | 546 actions | 05:31)
1 Demon Hunter
1 Mana Burn
» actions
| Assign group hotkey | 12 | |
| Basic commands | 25 | |
| Build / train | 26 | |
| ESC pressed | 4 | |
| Enter build submenu | 8 | |
| Enter hero's abilities submenu | 1 | |
| Right click | 204 | |
| Select / deselect | 119 | |
| Select group hotkey | 109 | |
| Use ability | 38 | |
546 total
» units
» buildings
| Altar of Elders | 1 | |
| Moon Well | 3 | |
| Ancient of War | 2 | |
| Hunter's Hall | 2 | |
8 total
» build order
00:12 Altar of Elders
00:19 Moon Well
01:04 Ancient of War
01:51 Ancient of War
02:07 Moon Well
02:53 Moon Well
03:01 Hunter's Hall
03:33 Hunter's Hall

»
Amir (
blue | 49 APM | 628 actions | 12:41)
2 Archmage
1 Summon Water Elemental
1 Brilliance Aura
1 Paladin
1 Holy Light
1 Demon Hunter
1 Evasion
» actions
| Assign group hotkey | 6 | |
| Build / train | 58 | |
| ESC pressed | 1 | |
| Enter build submenu | 13 | |
| Enter hero's abilities submenu | 4 | |
| Remove unit from queue | 1 | |
| Right click | 222 | |
| Select / deselect | 178 | |
| Select group hotkey | 97 | |
| Use ability | 46 | |
628 total
» units
| Peasant | 15 | |
| Archer | 12 | |
| Priest | 6 | |
| Gryphon Rider | 2 | |
35 total
» upgrades
| Lumber Harvesting | 1 | |
| Swords | 3 | |
| Storm Hammers | 1 | |
| Priest Training | 1 | |
6 total
» buildings
| Farm | 5 | |
| Altar of Kings | 1 | |
| Lumber Mill | 1 | |
| Keep | 2 | |
| Town Hall | 1 | |
| Arcane Sanctum | 1 | |
| Castle | 2 | |
| Blacksmith | 1 | |
| Moon Well | 2 | |
| Gryphon Aviary | 1 | |
17 total
» build order
00:34 Farm
00:49 Altar of Kings
01:06 Lumber Mill
01:19 Farm
02:49 Keep
02:49 Keep
04:04 Town Hall
05:00 Farm
05:53 Farm
06:48 Arcane Sanctum
06:52 Castle
06:52 Castle
06:58 Blacksmith
07:12 Moon Well
07:21 Gryphon Aviary
08:06 Moon Well
08:21 Farm
team 2 (winner)

»
aliceinchains (
teal | 26 APM | 784 actions | 30:08)
4 Blademaster
1 Wind Walk
1 Mirror Image
2 Critical Strike
3 Tauren Chieftain
2 Endurance Aura
1 War Stomp
3 Far Seer
2 Feral Spirit
1 Chain Lighting
» actions
| Basic commands | 3 | |
| Build / train | 50 | |
| Enter build submenu | 18 | |
| Enter hero's abilities submenu | 10 | |
| Remove unit from queue | 1 | |
| Right click | 405 | |
| Select / deselect | 239 | |
| Use ability | 58 | |
784 total
» units
| Peon | 7 | |
| Grunt | 5 | |
| Demolisher | 1 | |
| Shaman | 5 | |
| Tauren | 3 | |
21 total
» upgrades
| Armor | 1 | |
| Shaman Training | 2 | |
| Pulverize | 1 | |
4 total
» buildings
| Altar of Storms | 2 | |
| Orc Burrow | 7 | |
| Barracks | 1 | |
| War Mill | 1 | |
| Voodoo Lounge | 1 | |
| Stronghold | 1 | |
| Watch Tower | 1 | |
| Fortress | 1 | |
| Spirit Lodge | 1 | |
| Tauren Totem | 2 | |
| Great Hall | 2 | |
20 total
» build order
00:10 Altar of Storms
00:14 Orc Burrow
00:20 Barracks
01:48 Orc Burrow
02:29 War Mill
02:33 Voodoo Lounge
05:06 Stronghold
05:08 Watch Tower
05:34 Orc Burrow
07:30 Fortress
07:34 Spirit Lodge
08:32 Orc Burrow
09:57 Tauren Totem
10:03 Tauren Totem
11:04 Orc Burrow
11:13 Orc Burrow
13:12 Orc Burrow
15:15 Great Hall
18:13 Altar of Storms
19:54 Great Hall
» items
| Healing Salve | 3 | |
| Lesser Clarity Potion | 2 | |
| Potion of Healing | 2 | |
| Scroll of Town Portal | 2 | |
9 total
GoldIsKing (
purple | 116 APM | 3624 actions | 31:07)
5 Archmage
3 Summon Water Elemental
2 Brilliance Aura
4 Mountain King
2 Storm Bolt
2 Bash
» actions
| Assign group hotkey | 93 | |
| Basic commands | 258 | |
| Build / train | 151 | |
| ESC pressed | 6 | |
| Enter build submenu | 43 | |
| Enter hero's abilities submenu | 12 | |
| Give item / drop item | 6 | |
| Remove unit from queue | 1 | |
| Right click | 1123 | |
| Select / deselect | 489 | |
| Select group hotkey | 1265 | |
| Use ability | 175 | |
3624 total
» units
| Peasant | 14 | |
| Footman | 5 | |
| Priest | 4 | |
| Rifleman | 4 | |
| Sorceress | 2 | |
| Gryphon Rider | 4 | |
| Dragonhawk Rider | 1 | |
34 total
» upgrades
| Masonry | 3 | |
| Gunpowder | 3 | |
| Priest Training | 3 | |
| Long Rifles | 1 | |
| Armor | 3 | |
| Sorceress Training | 2 | |
| Swords | 4 | |
| Lumber Harvesting | 1 | |
| Animal War Training | 1 | |
| Storm Hammers | 1 | |
| Cloud | 1 | |
| Plating | 1 | |
24 total
» buildings
| Altar of Kings | 1 | |
| Farm | 11 | |
| Barracks | 3 | |
| Lumber Mill | 1 | |
| Arcane Vault | 1 | |
| Scout Tower | 14 | |
| Arcane Tower | 5 | |
| Keep | 5 | |
| Town Hall | 1 | |
| Guard Tower | 23 | |
| Blacksmith | 1 | |
| Arcane Sanctum | 3 | |
| Castle | 1 | |
| Workshop | 1 | |
| Gryphon Aviary | 2 | |
73 total
» build order
00:56 Altar of Kings
01:00 Farm
01:03 Farm
01:07 Barracks
01:12 Farm
01:50 Lumber Mill
02:02 Arcane Vault
02:17 Scout Tower
02:47 Farm
02:55 Arcane Tower
02:55 Arcane Tower
02:55 Arcane Tower
04:02 Keep
04:03 Keep
04:03 Keep
05:03 Town Hall
05:04 Scout Tower
05:32 Arcane Tower
05:44 Scout Tower
05:45 Scout Tower
06:22 Guard Tower
06:23 Guard Tower
06:25 Blacksmith
06:31 Arcane Sanctum
06:59 Castle
07:09 Guard Tower
07:09 Guard Tower
07:32 Farm
08:21 Scout Tower
08:22 Scout Tower
08:23 Scout Tower
09:01 Guard Tower
09:29 Farm
11:15 Arcane Sanctum
11:18 Arcane Sanctum
11:22 Barracks
11:24 Workshop
13:12 Barracks
13:14 Scout Tower
13:14 Scout Tower
14:21 Farm
14:33 Gryphon Aviary
14:34 Gryphon Aviary
14:52 Farm
16:04 Guard Tower
16:04 Guard Tower
16:05 Guard Tower
17:22 Farm
18:03 Scout Tower
18:04 Scout Tower
18:12 Scout Tower
18:13 Scout Tower
18:37 Guard Tower
18:37 Guard Tower
18:37 Guard Tower
18:38 Guard Tower
18:38 Guard Tower
18:38 Guard Tower
19:04 Guard Tower
19:04 Guard Tower
19:05 Guard Tower
19:08 Guard Tower
19:08 Guard Tower
19:08 Guard Tower
20:29 Farm
23:21 Farm
28:07 Scout Tower
» items
| Scroll of Regeneration | 5 | |
| Scroll of Town Portal | 1 | |
| Staff of Sanctuary | 1 | |
| Boots of Speed | 1 | |
| Periapt of Vitality | 4 | |
| Circlet of Nobility | 1 | |
| Orb of Fire | 1 | |
| Staff of Teleportation | 3 | |
17 total
$$$C.R.E.A.M$$$ (
pink | 49 APM | 1532 actions | 31:08)
7 Blademaster
3 Wind Walk
3 Critical Strike
1 Bladestorm
» actions
| Assign group hotkey | 22 | |
| Basic commands | 153 | |
| Build / train | 58 | |
| Enter build submenu | 30 | |
| Enter hero's abilities submenu | 7 | |
| Give item / drop item | 1 | |
| Remove unit from queue | 8 | |
| Right click | 640 | |
| Select / deselect | 341 | |
| Select group hotkey | 184 | |
| Use ability | 88 | |
1532 total
» units
| Peon | 17 | |
| Grunt | 6 | |
| Troll Batrider | 3 | |
26 total
» upgrades
| Troll Regeneration | 1 | |
| Ranged Weapons | 3 | |
| Liquid Fire | 1 | |
| Armor | 2 | |
| Reinforced Defenses | 1 | |
8 total
» buildings
| Orc Burrow | 4 | |
| Altar of Storms | 1 | |
| Barracks | 1 | |
| Voodoo Lounge | 1 | |
| War Mill | 2 | |
| Stronghold | 1 | |
| Watch Tower | 15 | |
| Great Hall | 2 | |
| Beastiary | 4 | |
| Fortress | 2 | |
33 total
» build order
00:15 Orc Burrow
00:56 Orc Burrow
01:08 Altar of Storms
01:10 Barracks
01:43 Voodoo Lounge
03:23 War Mill
03:43 Stronghold
05:00 Watch Tower
05:51 Great Hall
06:01 Watch Tower
06:02 Watch Tower
06:06 Watch Tower
07:05 Orc Burrow
07:06 Orc Burrow
07:41 Watch Tower
07:42 Watch Tower
07:42 Watch Tower
08:16 Watch Tower
10:48 Watch Tower
10:48 Watch Tower
10:50 Watch Tower
11:10 Beastiary
11:11 Beastiary
11:48 Fortress
11:48 Fortress
13:39 Beastiary
13:39 Beastiary
15:10 War Mill
19:25 Great Hall
20:57 Watch Tower
20:57 Watch Tower
20:58 Watch Tower
20:58 Watch Tower
» items
| Healing Salve | 1 | |
| Boots of Speed | 1 | |
| Periapt of Vitality | 1 | |
| Scroll of Town Portal | 1 | |
| Orb of Lightning | 1 | |
5 total

»
dusty_cl.itoris (
red | 37 APM | 932 actions | 25:15)
7 Blademaster
3 Wind Walk
3 Critical Strike
1 Bladestorm
» actions
| Assign group hotkey | 16 | |
| Build / train | 60 | |
| Enter build submenu | 20 | |
| Enter hero's abilities submenu | 7 | |
| Give item / drop item | 1 | |
| Remove unit from queue | 1 | |
| Right click | 333 | |
| Select / deselect | 189 | |
| Select group hotkey | 205 | |
| Use ability | 100 | |
932 total
» units
| Peon | 10 | |
| Grunt | 3 | |
| Wind Rider | 5 | |
| Troll Batrider | 14 | |
32 total
» upgrades
| Ranged Weapons | 3 | |
| Envenomed Spears | 1 | |
| Liquid Fire | 1 | |
| Armor | 1 | |
6 total
» buildings
| Altar of Storms | 1 | |
| Orc Burrow | 6 | |
| Barracks | 1 | |
| Voodoo Lounge | 1 | |
| War Mill | 1 | |
| Stronghold | 1 | |
| Watch Tower | 4 | |
| Beastiary | 3 | |
| Fortress | 1 | |
| Great Hall | 1 | |
20 total
» build order
00:15 Altar of Storms
00:19 Orc Burrow
01:08 Barracks
01:16 Voodoo Lounge
02:06 Orc Burrow
02:38 Orc Burrow
02:59 War Mill
04:45 Stronghold
05:02 Watch Tower
05:09 Watch Tower
05:10 Watch Tower
06:59 Orc Burrow
07:02 Orc Burrow
07:07 Orc Burrow
07:18 Beastiary
07:21 Beastiary
07:23 Beastiary
07:40 Fortress
17:38 Great Hall
17:45 Watch Tower
» items
| Healing Salve | 3 | |
| Lesser Clarity Potion | 4 | |
| Orb of Lightning | 1 | |
| Scroll of Town Portal | 1 | |
| Boots of Speed | 1 | |
| Potion of Healing | 1 | |
| Potion of Mana | 1 | |
12 total
Chat log
(02:34 / All) GoldIsKing: damn yellow you suck
(02:48 / Allies) $$$C.R.E.A.M$$$: gold plez
(03:04 / Allies) $$$C.R.E.A.M$$$: need gold plez
(03:49 / Allies) $$$C.R.E.A.M$$$: thanks guys
(04:23 / Allies) $$$C.R.E.A.M$$$: keep gold comin if you can bois
(04:35 / Allies) $$$C.R.E.A.M$$$: think I lost a grunt
(05:35 / Allies) dusty_cl.itoris: lol
(06:23 / All) $$$C.R.E.A.M$$$: bernout
(07:09 / Allies) aliceinchains: what u going red?
(07:15 / Allies) dusty_cl.itoris: wyv bat
(09:40 / All) ADD_ME_GUYS: gay ass dagger
(10:26 / All) $$$C.R.E.A.M$$$: crown of kings
(10:27 / All) $$$C.R.E.A.M$$$: lame
(10:39 / All) GoldIsKing: I'll take if you don't want
(10:42 / All) GoldIsKing: lawl
(10:43 / All) $$$C.R.E.A.M$$$: whoops
(10:46 / All) $$$C.R.E.A.M$$$: wasn't mining todl
(10:52 / All) ADD_ME_GUYS: WOOD ME
(10:52 / All) $$$C.R.E.A.M$$$: crown is okay
(10:56 / All) $$$C.R.E.A.M$$$: it's just not as good as mask
(11:02 / All) $$$C.R.E.A.M$$$: super yellow
(11:04 / All) $$$C.R.E.A.M$$$: daddy is home
(11:06 / Allies) $$$C.R.E.A.M$$$: luimber
(11:23 / All) $$$C.R.E.A.M$$$: want some blue?
(12:30 / All) $$$C.R.E.A.M$$$: sup muthafucka
(12:34 / All) ADD_ME_GUYS: WOOD ME
(12:34 / All) $$$C.R.E.A.M$$$: Meet SAMURO
(12:38 / All) $$$C.R.E.A.M$$$: hE"S A BADASS MOTHERFUACK!
(12:45 / All) GoldIsKing: raped
(12:47 / Allies) $$$C.R.E.A.M$$$: lumber
(12:53 / All) aliceinchains: GG
(15:40 / All) aliceinchains: GG
(15:52 / All) GoldIsKing: yea gg we lost
(15:58 / Allies) GoldIsKing: nice try guys
(17:41 / All) $$$C.R.E.A.M$$$: rape
(18:36 / All) $$$C.R.E.A.M$$$: you ain't going no where
(18:37 / All) $$$C.R.E.A.M$$$: MUTHAFUCKA
(18:51 / Allies) aliceinchains: gold plz pink
(19:53 / Allies) GoldIsKing: lumber me
(19:57 / Allies) aliceinchains: gold me
(20:08 / Allies) GoldIsKing: I'll give gold 4 wood 1:1
(20:20 / Allies) GoldIsKing: more wood
(20:27 / Allies) aliceinchains: tp
(20:33 / Allies) GoldIsKing: give me wood and I will tp
(20:42 / Allies) GoldIsKing: that's the price, give me all your lumber or no tp
(21:15 / Allies) aliceinchains: wtf
(21:17 / Allies) aliceinchains: why u tk now
(21:20 / Allies) GoldIsKing: noob
(21:23 / Allies) GoldIsKing: share lumber
(21:25 / Allies) GoldIsKing: or you die
(21:38 / Allies) GoldIsKing: more red
(21:40 / Allies) GoldIsKing: that's pathetic
(21:46 / Allies) GoldIsKing: 400 lumber when you have 1.7k?
(21:48 / Allies) GoldIsKing: you insult me
(21:55 / Allies) dusty_cl.itoris: you have 8k gold
(22:01 / All) aliceinchains: LOL
(22:01 / Allies) GoldIsKing: and 700 lumber
(22:04 / Allies) GoldIsKing: give me all your wood
(22:05 / All) aliceinchains: we have tker what a joke
(22:14 / Allies) aliceinchains: fuk u
(22:15 / All) ADD_ME_GUYS: suck my dick teal
(22:17 / All) ADD_ME_GUYS: i owned u 1v4
(22:18 / All) ADD_ME_GUYS: biatch
(22:19 / Allies) aliceinchains: u tk then want my wood lol
(22:19 / All) $$$C.R.E.A.M$$$: do something about it bitch
(22:25 / All) aliceinchains: u mased towers lol
(22:40 / All) aliceinchains: This is amazing lol
(22:45 / All) aliceinchains: Game eastily won he tks lol
(22:46 / All) $$$C.R.E.A.M$$$: fucking pussy
(22:50 / All) $$$C.R.E.A.M$$$: shut the fuck up bitch
(22:55 / All) $$$C.R.E.A.M$$$: fucking scrub
(22:58 / All) GoldIsKing: no wood, no win
(23:00 / All) GoldIsKing: gg teal
(23:02 / All) aliceinchains: HAHA
(23:07 / All) $$$C.R.E.A.M$$$: raped ez
(23:09 / All) $$$C.R.E.A.M$$$: noob
(23:10 / All) aliceinchains: ill wait it out chump lol
(23:21 / All) $$$C.R.E.A.M$$$: for what? the loss screen?
(23:25 / All) aliceinchains: LOL
(23:28 / All) $$$C.R.E.A.M$$$: that's your prerogative
(23:37 / All) aliceinchains: for the win dipshit
(23:44 / All) GoldIsKing: you aren't getting one dipshit
(23:44 / All) $$$C.R.E.A.M$$$: but we're losing
(23:50 / All) aliceinchains: LOL
(23:52 / All) ADD_ME_GUYS: teal seriously. pink and purple were ur best allies
(23:52 / All) $$$C.R.E.A.M$$$: don't you get it yet you dense muthafucka?
(23:59 / All) aliceinchains: best ever lol
(24:06 / All) $$$C.R.E.A.M$$$: I want you dead, I want you buried, I want you defeated
(24:06 / All) aliceinchains: typical lib tards lol
(24:10 / All) aliceinchains: lol
(24:23 / All) GoldIsKing: "typical libtards" sounds familiar think we played him before
(24:28 / All) aliceinchains: lol
(24:47 / All) aliceinchains: i like how u wait till u 15 mins in to tk u sneaky muslim lol
(25:08 / All) ADD_ME_GUYS: teal are u jealous of my robo tinker
(25:13 / All) aliceinchains: definetly
(25:24 / All) aliceinchains: lol
(25:39 / All) $$$C.R.E.A.M$$$: TEAL GOT SUICIDE BOMBE
(25:43 / All) aliceinchains: and peopel wonder why this game is dead, its cuz tards like yall lol
(25:56 / All) GoldIsKing: It's because of lumber hoarders like you
(25:59 / All) GoldIsKing: help your ally next time
(26:00 / All) aliceinchains: LOL
(26:01 / All) $$$C.R.E.A.M$$$: it's because it came out in 2002
(26:02 / All) aliceinchains: u have more
(26:03 / All) GoldIsKing: don't blame your own mistakes on others
(26:10 / All) GoldIsKing: you did this to yourself
(26:16 / All) aliceinchains: lol 8 k 1000 wood what u go
(26:21 / All) aliceinchains: Got lol
(26:39 / All) GoldIsKing: not enough wood, that's what
(26:41 / All) GoldIsKing: you didn't share
(26:42 / All) aliceinchains: argueing with 2 dipshits like u is like watching 2 retards try to drive a car lol
(26:45 / All) GoldIsKing: sharing is caring, learn some manners
(26:55 / All) GoldIsKing: good one, teal
(26:58 / All) aliceinchains: thanks
(27:03 / All) GoldIsKing: come up with it yourself?
(27:09 / All) aliceinchains: how u know
(27:25 / All) GoldIsKing: can't imagine anyone else with so little wit
(27:44 / All) aliceinchains: haha says the guy who tks himself
(27:48 / All) aliceinchains: classic
(28:16 / All) aliceinchains: yall want to lose or not lol
(28:56 / Allies) GoldIsKing: '
(28:59 / All) GoldIsKing: last building
(28:59 / All) aliceinchains: LOL
(29:05 / All) aliceinchains: this is funny
(29:11 / All) $$$C.R.E.A.M$$$: My hero has more INT than your am lawl
(29:14 / All) $$$C.R.E.A.M$$$: and +5
(29:21 / All) $$$C.R.E.A.M$$$: 38 to 31
(29:32 / All) GoldIsKing: they don't call him moogul the sly for nothin
(29:38 / All) $$$C.R.E.A.M$$$: mk has a shitload of strength
(29:39 / All) aliceinchains: i guess u cant afford your bipolar medicince anymore
(29:59 / All) GoldIsKing: no I can't, but it's not my fault, you don't have to be so mean about it teal
(30:08 / All) GoldIsKing: you're such a jerk
(30:11 / All) $$$C.R.E.A.M$$$: lawl
(30:12 / All) GoldIsKing: plug pull lol
(30:19 / All) $$$C.R.E.A.M$$$: maybe his side lose
(30:21 / All) GoldIsKing: I say jake's team should lose
(30:21 / All) $$$C.R.E.A.M$$$: esp yellow
(30:24 / All) GoldIsKing: yeah
(30:37 / All) GoldIsKing: Red is 2-2
(30:40 / All) GoldIsKing: and teal below 50%
(30:42 / All) $$$C.R.E.A.M$$$: Red gave me a lot of gold
(30:45 / All) $$$C.R.E.A.M$$$: early
(30:58 / All) GoldIsKing: jake your side loses